Map: Blackpink LE

Players

CraftStarNL - Winner!

  • Race: Terran Terran
  • League: Diamond
  • Spawn Location: 7:00

kemachi

  • Race: Terran Terran
  • League: Diamond
  • Spawn Location: 1:00

VOD

Have the link to the VOD?

Description

Time

  • Played on: March 24, 2018, 3:23 p.m.
  • Length: 51:49
Show
View Real Time Build Order
Export as new Build Order

CraftStarNL Terran - Winner!

Build Orders:  

Get SALT Encoding   

  12  0:01  SCV  
  13  0:13  SCV  
  14  0:20  Supply Depot  
  14  0:25  SCV  
  15  0:42  SCV  
  16  0:45  Barracks  
  16  0:54  SCV  
  17  1:06  SCV  
  18  1:18  Command Center  
  18  1:21  SCV  
  19  1:32  Marine  
  19  1:33  SCV  
  19  1:38  Bunker  
  21  1:45  Refinery, SCV  
  22  1:48  Refinery  
  22  1:52  Marine  
  23  2:07  Supply Depot  
  23  2:12  Refinery  
  23  2:24  Orbital Command  
  23  2:28  Marine  
  25  2:30  SCV  
  25  2:33  Refinery  
  25  2:42  SCV  
  26  2:46  Marine  
  26  3:05  Marine  
  27  3:23  Marine  
  27  3:24  Factory  
  28  3:31  SCV, Bunker  
  28  3:33  Orbital Command  
  29  3:41  Marine  
  29  3:42  Factory  
  29  3:46  SCV  
  31  3:58  SCV  
  31  3:59  Marine  
  33  4:06  SCV  
  34  4:10  SCV  
  34  4:15  Factory Tech Lab  
  35  4:18  SCV  
  35  4:22  SCV  
  37  4:29  Factory Tech Lab, Starport  
  37  4:35  Siege Tank  
  40  4:39  SCV x2  
  42  4:51  SCV x2  
  44  4:55  Engineering Bay  
  44  5:02  Starport  
  44  5:03  SCV x2  
  46  5:15  Supply Depot  
  46  5:27  Starport Reactor, Supply Depot  
  46  5:36  SCV x2, Siege Tank  
  46  5:37  Marine  
  52  5:46  Viking  
  52  5:49  Siege Tank  
  57  5:52  Supply Depot  
  57  5:56  SCV  
  58  6:03  Missile Turret  
  58  6:06  Viking  
  58  6:08  SCV  
  61  6:22  Viking  
  63  6:27  SCV x2  
  65  6:39  SCV x2  
  67  6:44  Viking  
  69  6:51  SCV  
  70  6:55  Fusion Core  
  70  6:58  Supply Depot  
  70  6:59  Supply Depot  
  70  7:16  Missile Turret, Supply Depot  
  70  7:17  Supply Depot  
  70  7:19  Missile Turret  
  70  7:20  SCV x2  
  72  7:26  Missile Turret  
  72  7:27  Hi-Sec Auto Tracking  
  72  7:41  SCV x2  
  72  7:42  Missile Turret  
  74  7:47  Missile Turret  
  74  7:49  Starport Tech Lab  
  74  8:00  Starport Tech Lab  
  74  8:01  Weapon Refit  
  74  8:09  Armory  
  74  8:11  Armory  
  74  8:12  Armory  
  74  8:16  SCV x2  
  76  8:21  Battlecruiser  
  82  8:30  Battlecruiser  
  88  8:43  Siege Tank x2  
  94  8:57  Command Center  
  94  9:02  Terran Vehicle Weapons Level 1  
  94  9:03  Terran Vehicle And Ship Armor Level 1, Terran Ship Weapons Level 1  
  94  9:25  Battlecruiser  
  100  9:33  Missile Turret  
  100  9:35  SCV  
  100  9:36  SCV  
  100  9:37  Missile Turret  
  108  9:45  Battlecruiser  
  108  9:48  SCV x2  
  110  9:53  Supply Depot  
  110  9:54  Supply Depot  
  110  9:56  Supply Depot  
  110  9:57  Supply Depot  
  110  10:12  Command Center  
  110  10:19  Building Armor  
  110  10:22  SCV x2  
  112  10:34  SCV x2  
  112  10:56  Battlecruiser  
  115  11:17  Battlecruiser  
  121  11:18  Terran Vehicle Weapons Level 2, Terran Ship Weapons Level 2  
  121  12:02  Battlecruiser  
  121  12:44  Battlecruiser  
  127  13:21  Battlecruiser  
  133  13:41  Terran Vehicle Weapons Level 3, Terran Vehicle And Ship Armor Level 2, Terran Ship Weapons Level 3  
  121  13:54  SCV x2  
  117  14:03  Command Center x2  
  117  14:05  Command Center  
  117  14:06  SCV x2  
  119  14:12  Battlecruiser  
  125  14:18  SCV x2, Starport  
  125  14:22  Starport  
  127  14:25  Starport  
  127  14:30  SCV  
  128  14:39  Planetary Fortress  
  128  14:44  Battlecruiser  
  134  14:56  Refinery  
  134  14:57  Refinery  
  134  15:10  Viking x2  
  134  15:13  Viking  
  131  16:08  Terran Vehicle And Ship Armor Level 3  
  131  16:37  Battlecruiser x2  
  131  16:38  Starport Tech Lab x2  
  143  16:47  Missile Turret  
  143  16:48  Missile Turret  
  143  16:49  Missile Turret  
  143  16:53  Missile Turret  
  143  16:54  Planetary Fortress  
  143  17:01  Planetary Fortress  
  143  17:03  Refinery x2  
  143  17:06  SCV x3  
  146  17:10  Missile Turret x2  
  146  17:11  Missile Turret  
  146  17:15  Refinery  
  146  17:23  Missile Turret  
  146  17:24  Missile Turret  
  146  17:25  Missile Turret x3  
  146  17:27  Viking x2  
  146  17:29  Missile Turret x2  
  150  17:30  Missile Turret  
  150  17:44  Viking  
  150  17:50  Refinery  
  152  18:13  Planetary Fortress  
  152  18:20  SCV x4  
  156  18:34  Refinery  
  156  18:37  Refinery  
  156  18:39  Battlecruiser  
  162  19:00  Command Center  
  162  19:01  Command Center  
  162  19:04  Battlecruiser  
  168  19:10  Command Center  
  168  19:11  Command Center  
  168  19:46  Battlecruiser x2  
  180  19:54  Viking x3  
  162  20:26  Missile Turret  
  162  20:27  Missile Turret  
  162  20:28  Missile Turret  
  162  20:29  Missile Turret  
  162  20:35  Missile Turret  
  156  20:37  Missile Turret  
  156  20:41  Missile Turret  
  150  20:42  Missile Turret  
  150  20:47  Missile Turret x2  
  150  20:48  Missile Turret  
  150  20:50  Missile Turret  
  149  21:06  Command Center  
  149  21:09  Missile Turret  
  149  21:10  Command Center  
  149  21:13  Orbital Command, Missile Turret  
  149  21:30  Planetary Fortress  
  149  21:48  Missile Turret  
  149  21:50  Missile Turret x2  
  149  21:52  Missile Turret  
  149  21:54  Missile Turret x3  
  149  21:55  Missile Turret  
  149  21:56  Missile Turret  
  149  21:58  Missile Turret x2  
  137  22:12  Refinery  
  136  22:16  Battlecruiser x4  
  154  22:41  Missile Turret  
  154  22:42  Missile Turret x2  
  154  22:43  Missile Turret  
  148  22:44  Missile Turret  
  148  22:54  SCV, Missile Turret  
  149  22:58  Missile Turret  
  149  23:11  Planetary Fortress  
  149  23:28  Missile Turret  
  149  23:30  Missile Turret  
  149  23:31  Missile Turret  
  146  24:11  Missile Turret  
  146  24:12  Missile Turret x2  
  146  24:28  Missile Turret  
  146  24:33  Missile Turret x2  
  146  24:34  Missile Turret x2  
  146  24:35  Missile Turret  
  146  24:38  Command Center  
  146  24:44  Battlecruiser x3  
  148  25:41  Missile Turret x3  
  148  25:43  Missile Turret  
  148  25:47  SCV  
  147  26:33  Battlecruiser x2  
  147  26:34  Battlecruiser x2  
  147  26:38  SCV x2  
  147  26:39  SCV x2  
  175  26:46  Planetary Fortress  
  175  26:50  SCV  
  176  27:07  Planetary Fortress  
  151  28:28  Battlecruiser x3  
  151  28:34  SCV x4  
  173  28:46  SCV x3  
  158  29:08  SCV  
  158  29:09  SCV x3  
  162  29:21  SCV x4  
  166  29:33  SCV x4  
  169  29:45  SCV, Battlecruiser  
  176  30:14  Missile Turret x2  
  176  30:15  Missile Turret  
  176  30:17  Missile Turret x2  
  175  31:06  Refinery, Battlecruiser x3  
  193  31:41  Battlecruiser  
  199  31:53  Missile Turret  
  199  31:57  Missile Turret  
  199  32:04  SCV  
  191  32:44  Command Center  
  190  32:56  Supply Depot  
  190  32:57  Supply Depot  
  190  32:58  Supply Depot  
  190  33:09  Battlecruiser  
  190  33:10  Supply Depot  
  190  33:18  Battlecruiser  
  196  33:26  Supply Depot  
  195  33:37  Battlecruiser  
  157  34:11  Battlecruiser  
  157  34:14  Battlecruiser  
  169  34:24  Planetary Fortress  
  169  34:29  Starport Tech Lab  
  169  34:43  Missile Turret  
  169  34:47  Missile Turret  
  169  35:02  SCV x3  
  172  35:14  SCV x2  
  172  36:21  Missile Turret  
  172  36:27  Battlecruiser x4  
  182  37:46  Missile Turret x3  
  182  37:48  Missile Turret  
  182  37:52  Missile Turret  
  176  38:46  Orbital Command  
  176  38:56  Missile Turret  
  176  38:57  Missile Turret  
  82  40:12  Missile Turret  
  82  40:13  Missile Turret  
  48  40:28  SCV x3  
  48  40:29  SCV  
  51  40:40  Battlecruiser x2  
  51  40:41  Battlecruiser x2  
  74  40:54  Refinery  
  74  41:02  SCV  
  74  41:03  SCV x4  
  79  41:13  Refinery  
  79  41:14  SCV  
  79  41:15  SCV x4  
  84  41:27  SCV  
  77  42:03  Missile Turret  
  77  42:05  Missile Turret  
  77  42:09  Missile Turret  
  77  42:28  Missile Turret  
  77  42:29  Missile Turret  
  77  42:56  Liberator x3  
  77  42:57  Liberator x2  
  85  43:39  Liberator x4  
  85  43:49  Liberator  
  89  45:47  Liberator  
  85  47:40  Missile Turret  
  85  47:42  Missile Turret x2  
  85  47:44  Missile Turret  
  85  47:45  Missile Turret  
  84  47:56  Missile Turret  
  65  48:57  Missile Turret x2  
  30  49:37  Marine  
  25  49:43  Hellion x2  
  27  49:55  Marine  
  28  50:04  Hellion x2  
  32  50:13  Marine  
  30  50:25  Hellion  
  30  50:26  Hellion  
  32  50:31  Marine  
  33  50:47  Hellion x2  
  33  50:49  Marine  
  38  51:08  Hellion  
  25  51:42  Refinery  
Show
View Real Time Build Order
Export as new Build Order

kemachi Terran 

Build Orders: Reaper Expand 

Get SALT Encoding   

  12  0:01  SCV  
  13  0:13  SCV  
  14  0:17  Supply Depot  
  14  0:25  SCV  
  15  0:39  SCV  
  15  0:41  Barracks  
  16  0:46  Refinery  
  16  0:51  SCV  
  17  1:03  SCV  
  18  1:15  SCV  
  19  1:31  Reaper  
  20  1:34  SCV  
  20  1:35  Command Center  
  21  1:42  Supply Depot  
  21  1:52  Orbital Command  
  21  2:03  Marine  
  22  2:09  Refinery  
  22  2:14  Factory  
  22  2:17  SCV  
  23  2:28  Barracks Reactor  
  23  2:29  Barracks Tech Lab  
  23  2:31  SCV  
  23  2:34  Supply Depot  
  24  2:44  SCV  
  25  2:53  Marine  
  25  2:54  Stimpack  
  25  2:56  SCV  
  28  3:08  SCV  
  28  3:11  Orbital Command  
  27  3:15  Factory Tech Lab  
  27  3:18  Starport  
  27  3:21  SCV  
  27  3:23  Barracks  
  27  3:25  Supply Depot  
  28  3:33  SCV  
  29  3:40  SCV, Siege Tank  
  33  3:47  Supply Depot  
  33  3:56  Marauder, Supply Depot  
  33  3:57  SCV x2  
  37  4:09  SCV  
  39  4:10  SCV  
  39  4:12  Barracks Reactor  
  39  4:14  Barracks  
  39  4:20  Supply Depot  
  39  4:21  Marauder  
  41  4:24  SCV x2  
  43  4:34  Starport Reactor  
  43  4:36  SCV  
  43  4:37  SCV  
  45  4:42  Supply Depot  
  45  4:44  Siege Tank  
  48  4:49  SCV x2  
  50  4:53  Supply Depot  
  50  4:56  Marine x2  
  50  4:57  Marauder  
  54  5:00  Barracks Reactor  
  54  5:04  Engineering Bay  
  54  5:05  SCV x2, Engineering Bay  
  56  5:12  Supply Depot  
  56  5:17  SCV x2  
  56  5:18  Supply Depot  
  58  5:27  Refinery x2  
  58  5:29  SCV x2  
  58  5:30  Medivac x2  
  64  5:41  Marine x4  
  64  5:42  Marine  
  69  5:44  SCV x2  
  71  5:52  Terran Infantry Armor Level 1, Terran Infantry Weapons Level 1  
  71  5:56  SCV x2  
  73  5:59  Marine x2  
  73  6:02  Command Center  
  75  6:06  Siege Tank  
  75  6:10  Marine x3  
  81  6:18  Supply Depot  
  81  6:20  Marine x2  
  81  6:23  Factory  
  81  6:25  Armory  
  83  6:28  Medivac, Marauder  
  87  6:39  Marine x4  
  91  6:48  Siege Tank  
  91  6:50  Marauder  
  96  6:56  Marine x2  
  98  7:04  Missile Turret  
  98  7:05  Missile Turret  
  98  7:09  Missile Turret  
  98  7:11  Marauder, Missile Turret  
  100  7:17  Orbital Command  
  100  7:20  Barracks x2  
  100  7:21  Marine  
  101  7:24  Marine x3  
  104  7:32  Marine  
  104  7:37  Orbital Command  
  105  7:42  Supply Depot  
  105  7:50  Marine x4, Marauder  
  111  8:03  SCV x3  
  114  8:07  Marine, Terran Infantry Weapons Level 2  
  114  8:08  Marine x2  
  114  8:11  Terran Infantry Armor Level 2  
  117  8:13  Marine, Marauder  
  117  8:15  SCV x3  
  117  8:17  Barracks Reactor x2  
  123  8:25  Marine x2  
  125  8:27  SCV  
  126  8:34  Medivac x2, Marauder  
  132  8:47  Marine x3  
  135  8:54  Supply Depot  
  135  8:56  Marauder, SCV x2  
  135  8:57  SCV, Supply Depot  
  135  8:58  Supply Depot x2  
  140  9:06  Refinery  
  140  9:07  Refinery  
  140  9:17  Marauder  
  140  9:20  Marine x5  
  140  9:21  Marine x3, Command Center  
  150  9:28  SCV x3  
  155  9:38  Marauder  
  155  9:40  SCV x3  
  158  9:48  Medivac x2  
  158  9:50  Marine x7  
  158  9:51  Marine  
  158  9:52  SCV x3  
  175  10:00  Marauder  
  175  10:04  Barracks  
  175  10:05  Command Center  
  175  10:06  SCV x3, Barracks  
  178  10:08  Marine  
  179  10:15  Marine x2  
  179  10:20  Marine x4, Medivac x2  
  179  10:21  Marine, Marauder, SCV  
  193  10:27  Terran Infantry Weapons Level 3, Terran Infantry Armor Level 3  
  193  10:42  Marine  
  195  10:43  Marine x4, Marauder  
  200  10:50  Medivac  
  143  11:03  Marine  
  143  11:04  Marine x3, Marauder  
  148  11:11  Orbital Command  
  148  11:15  Starport x2  
  148  11:17  Starport x2  
  146  11:19  Starport  
  146  11:25  Marauder  
  146  11:31  Marine x4  
  146  11:32  Marine x3, Armory  
  151  11:34  Armory  
  149  11:46  Marine  
  150  11:47  Marine  
  150  11:49  Marine  
  152  12:00  Starport Reactor x4  
  152  12:08  Starport Reactor  
  140  12:18  Missile Turret x2  
  140  12:21  Missile Turret  
  131  12:23  Marine x9  
  131  12:27  Missile Turret  
  131  12:28  Missile Turret  
  119  12:41  Marine x9  
  119  12:42  Terran Vehicle And Ship Armor Level 1, Terran Ship Weapons Level 1  
  121  12:44  Missile Turret  
  121  12:46  Missile Turret, Viking  
  109  12:59  Marine x4  
  109  13:01  Viking  
  109  13:05  Missile Turret  
  115  13:08  Missile Turret  
  113  13:19  Viking  
  114  13:27  Marine x7  
  108  13:49  Starport  
  108  13:50  Marine, Starport  
  108  13:51  Marine x2  
  108  13:53  Starport  
  111  14:02  Viking  
  113  14:04  Viking  
  115  14:11  Orbital Command  
  115  14:21  Viking x2  
  119  14:30  Viking x3  
  125  14:37  Terran Ship Weapons Level 2  
  125  14:38  Terran Vehicle And Ship Armor Level 2  
  125  14:49  SCV x4  
  129  14:58  Viking x2  
  133  15:00  Viking  
  133  15:01  SCV x4  
  139  15:13  SCV x4  
  143  15:16  Refinery, Viking  
  143  15:17  Viking  
  143  15:18  Refinery  
  147  15:34  Viking  
  145  15:42  Viking  
  147  15:51  Command Center  
  131  16:04  Command Center  
  131  16:16  Viking x2  
  135  16:38  Viking x3  
  141  16:43  Refinery  
  141  16:44  Refinery  
  141  16:48  Viking  
  143  17:03  Orbital Command  
  143  17:08  Viking x3  
  149  17:14  Terran Ship Weapons Level 3  
  149  17:22  Terran Vehicle And Ship Armor Level 3  
  149  17:28  Viking  
  151  17:34  SCV x2  
  151  17:35  SCV  
  152  17:46  SCV  
  152  17:47  SCV x2  
  152  17:51  Fusion Core  
  155  17:52  Viking x3  
  155  17:53  Viking  
  163  17:58  SCV  
  163  18:00  Viking x2  
  168  18:06  SCV x2  
  168  18:08  Orbital Command  
  168  18:11  SCV  
  171  18:18  SCV  
  172  18:21  Viking x2  
  176  18:33  Starport Tech Lab  
  176  18:36  Refinery, SCV  
  176  18:37  SCV x3  
  176  18:38  Refinery  
  176  18:39  Viking x3  
  186  18:41  Starport Tech Lab  
  186  18:49  SCV x3  
  189  18:56  Viking x2  
  189  18:58  Weapon Refit, Battlecruiser  
  199  19:28  Command Center  
  199  19:34  Command Center  
  197  19:39  Command Center  
  197  19:52  Supply Depot x2  
  197  19:53  Supply Depot  
  197  19:55  Supply Depot  
  190  20:21  Command Center  
  190  20:23  Viking x4  
  190  20:24  Viking  
  200  20:30  Command Center  
  198  20:57  Medivac x2, Viking x2  
  188  20:58  Viking x4  
  192  21:18  Orbital Command  
  192  21:23  Refinery  
  192  21:24  Refinery  
  192  21:41  Viking x4  
  188  22:15  Orbital Command  
  197  22:20  Viking  
  194  22:47  Starport  
  194  22:48  Starport x3  
  194  23:01  Viking x3  
  200  23:17  Command Center  
  192  23:25  Viking  
  192  23:26  Viking x3, Command Center  
  184  23:30  Viking  
  184  23:31  Viking x2  
  160  23:54  Starport Reactor  
  133  23:55  Viking  
  133  23:56  Viking x3  
  133  23:59  Starport Reactor  
  133  24:00  Viking  
  133  24:01  Viking x2  
  139  24:12  Refinery x2  
  137  24:25  Viking  
  137  24:26  Viking x3  
  137  24:27  Viking x2  
  137  24:30  Viking  
  137  24:31  Viking x2  
  133  24:55  Viking x3  
  133  24:56  Viking x3  
  133  24:57  Viking  
  130  25:10  Viking x2  
  129  25:16  Viking  
  130  25:26  Viking  
  111  25:38  Orbital Command x2  
  111  25:46  SCV x3  
  114  25:51  Refinery  
  114  25:57  Viking x4  
  114  25:58  SCV x3  
  123  26:05  Refinery  
  123  26:10  SCV x3  
  126  26:11  Refinery x2  
  126  26:22  SCV  
  127  26:31  Viking x2  
  131  26:39  SCV x5  
  136  26:46  Marine x11  
  147  26:51  SCV  
  148  27:04  Marine x11  
  148  27:06  Viking x3  
  165  27:21  Marine  
  165  27:22  Marine x10  
  170  27:39  Marine x2  
  170  27:40  Marine x2  
  170  27:43  Viking x6  
  144  27:54  Marine  
  144  27:55  Marine x4  
  136  28:18  Viking x3  
  136  28:19  Viking  
  144  28:37  Command Center  
  133  29:04  Command Center  
  133  29:11  Medivac x2  
  133  29:14  Marine  
  138  29:29  Command Center  
  138  29:47  Viking x2  
  139  30:30  Viking x3  
  111  31:06  Viking x4  
  111  31:07  Liberator, Viking  
  121  31:13  Orbital Command  
  124  31:27  Marine x3  
  127  31:35  Viking  
  129  31:42  Orbital Command  
  129  31:54  Viking  
  129  31:55  Viking x2  
  133  32:17  Viking x2  
  133  32:18  Viking x2  
  117  32:44  Viking x3  
  119  32:47  Viking  
  125  33:12  Viking x3  
  115  33:14  Viking x2  
  105  33:47  Viking x7  
  105  34:15  Command Center  
  105  34:19  Viking  
  107  34:39  Viking x2  
  107  34:42  Viking  
  113  34:58  Viking x2  
  117  35:26  Orbital Command  
  117  35:28  Orbital Command  
  117  35:36  Viking x5  
  127  36:08  Marine x3  
  130  36:17  Marine x3  
  133  36:49  Viking x7  
  131  37:19  Viking x4  
  131  37:22  Viking x3  
  139  37:26  Marine x2  
  139  37:27  Marine x2  
  145  37:55  Orbital Command  
  151  37:59  Marine x4  
  151  38:04  Viking x4  
  147  38:27  Viking x3  
  145  38:43  Marine x6  
  118  39:27  Viking x7  
  108  39:57  Viking x5  
  104  40:43  Marine x2  
  104  41:37  Viking x2  
  104  42:02  SCV  
  105  42:14  SCV  
  96  43:43  Command Center  
  96  43:59  Viking x2  
  100  44:36  Refinery  
  100  44:54  SCV  
  101  45:06  SCV  
  101  45:18  SCV  
  101  45:19  Viking x2  
  103  45:40  Viking  
  95  45:54  Viking  
  89  46:03  Marine  
  89  46:04  Marine x10  
  100  46:21  Marine x3  
  80  47:39  Viking x2  
  12  51:26  SCV  
Tags
 
Matchup
TvT
Race
Terran
Spawn Locations
Cross Positions
Add a new tag
Caveats
  • Supply blocks, unpowered buildings, or Contaminate may cause inaccurate times.
  • Supply counts are checked every 10 seconds.